 Dungeon Crawl Stone Soup version 0.32-a0-931-g5a2cda0630 (webtiles) character file.

Game seed: 4742048878128264900

440222 magipi the Peltast (level 23, -3/204 (205) HPs)
             Began as a Mountain Dwarf Berserker on Apr 6, 2024.
             Was a High Priest of Trog.
             Killed by the air
             ... invoked by a titan
              (27 damage)
             ... on level 5 of the Vaults on Apr 13, 2024.
             The game lasted 03:43:41 (63114 turns).

magipi the Peltast (Mountain Dwarf Berserker)      Turns: 63114, Time: 03:43:42

HP:   -3/204 (205)  AC: 32    Str: 23 (24) XL:     23   Next: 1%
MP:   23/23         EV: 15    Int: 19      God:    Trog [*****.]
Gold: 3308          SH: 21    Dex: 17      Spells: 22/22 levels left

rFire   + + .        b - +8 broad axe (flame)
rCold   + + .        K - +1 kite shield {AC+3}
rNeg    . . .        M - +5 storm dragon scales {Bai Suzhen}
rPois   .            A - +1 hat {Int+3}
rElec   +            J - scarf {rC+ rF+}
rCorr   .            W - +2 pair of gloves
SInv    +            U - +0 pair of boots
Will    ++...        r - amulet of reflection Stlth
                     f - ring of protection from fire
HPRegen 0.54/turn    c - ring of the Komtur {rC+ Str+3 Int+6 SInv}
MPRegen 0.18/turn

%: reflection
@: mighty, silenced, marked, hasted, studying Shields, lightly drained, very
quick
A: runic magic, artefact enchanting, beak, deterioration 1
}: 2/15 runes: barnacled, gossamer
a: Renounce Religion


You were on level 5 of the Vaults.
You worshipped Trog.
Trog was extremely pleased with you.
You visited 8 branches of the dungeon, and saw 42 of its levels.
You visited 1 bazaar.
You also visited: Sewer and Bailey.

You collected 6685 gold pieces.
You spent 3377 gold pieces at shops.

Inventory:

Hand Weapons
 a - a +7 broad axe of freezing
   (You bought it in a shop on level 5 of the Dungeon)
 b - a +8 broad axe of flaming (weapon)
   (Trog gifted it to you on level 1 of the Spider Nest)
 w - the +5 demon whip "Spellbinder" {antimagic, disrupt, Will+}
   (You took it off a merfolk impaler on level 4 of the Shoals)

   Will+:     It increases your willpower.
Missiles
 g - 2 throwing nets
 s - 45 boomerangs
 B - 7 curare-tipped darts
 X - a silver javelin (quivered)
Armour
 A - a +1 hat of intelligence (worn)
   (You found it on level 4 of the Spider Nest)
 J - a scarf of resistance (worn)
   (You found it on level 4 of the Spider Nest)
 K - a +1 kite shield of protection (worn)
   (You took it off a tengu warrior on level 1 of the Depths)
 M - +5 storm dragon scales (worn) {Bai Suzhen}
   (You found it on level 4 of the Vaults)
 U - a +0 pair of boots (worn)
   (You found it on level 14 of the Dungeon)
 W - a +2 pair of gloves (worn)
   (You found it on level 1 of the Spider Nest)
Jewellery
 c - the ring of the Komtur (right hand) {rC+ Str+3 Int+6 SInv}
   (You bought it in a shop on level 5 of the Dungeon)

   [ring of intelligence]

   Str+3:     It affects your strength (+3).
   Int+6:     It affects your intelligence (+6).
   rC+:       It protects you from cold.
   SInv:      It lets you see invisible.
 f - a ring of protection from fire (left hand)
   (You found it on level 2 of the Depths)
 n - the ring of Linearity {*Slow +Blink Fly rN+ Int+5}
   (You took it off a deep elf zephyrmancer on level 3 of the Elven Halls)

   [ring of positive energy]

   Int+5:     It affects your intelligence (+5).
   rN+:       It protects you from negative energy.
   Fly:       It grants you flight.
   +Blink:    It lets you blink.
   *Slow:     It may slow you when you take damage.
 o - a ring of resist corrosion
   (You found it on level 1 of the Spider Nest)
 p - a ring of poison resistance
   (You took it off a deep elf zephyrmancer on level 1 of the Elven Halls)
 r - an amulet of reflection (around neck)
   (You bought it in a shop on level 2 of the Dungeon)
 y - a +5 ring of evasion
   (You found it on level 5 of the Dungeon)
Wands
 d - a wand of digging (9)
   (You found it on level 4 of the Depths)
 q - a wand of paralysis (50)
   (You found it on level 4 of the Dungeon)
 u - a wand of roots (9)
   (You found it on level 4 of the Dungeon)
 D - a wand of mindburst (34)
   (You found it on level 7 of the Dungeon)
 G - a wand of light (21)
   (You found it on level 5 of the Dungeon)
 N - a wand of polymorph (26)
   (You took it off Maggie on level 2 of the Lair of Beasts)
Scrolls
 e - 12 scrolls of noise
 j - 5 scrolls of fear
 F - 2 scrolls of immolation
 H - 7 scrolls of vulnerability
 P - 2 scrolls of fog
 R - 4 scrolls of silence
 V - a scroll of revelation
Potions
 h - 10 potions of might
 k - 22 potions of curing
 l - a potion of heal wounds
 m - 8 potions of mutation
 t - 6 potions of ambrosia
 x - 3 potions of cancellation
 L - a potion of resistance
 O - 4 potions of haste
 T - a potion of invisibility
 Z - 6 potions of enlightenment
Miscellaneous
 z - a box of beasts (inert)
   (You found it on level 4 of the Shoals)
 C - a lightning rod (4/4)
   (You found it on level 3 of the Lair of Beasts)
 E - a Gell's gravitambourine (inert)
   (You found it on level 3 of the Lair of Beasts)
 S - a tin of tremorstones (1/2)
   (You found it on level 5 of the Lair of Beasts)


   Skills:
 - Level 17.0 Fighting
 - Level 17.8(18.0) Axes
 - Level 4.1(12.3) Maces & Flails
 - Level 16.0 Throwing
 - Level 17.0 Armour
 - Level 15.0 Dodging
 - Level 4.0 Stealth
 + Level 19.8 Shields
 - Level 16.0 Evocations


You had 22 spell levels left.
You didn't know any spells.
Your spell library was empty.

Dungeon Overview and Level Annotations

Branches:
Dungeon (15/15)            Temple (0/1) D:5            Lair (5/5) D:8
 Shoals (4/4) Lair:2       Spider (4/4) Lair:3        Slime (0/5) Lair:4
    Orc (2/2) D:9             Elf (3/3) Orc:2        Vaults (5/5) D:13
  Crypt (0/3) Vaults:3     Depths (4/4) D:15            Zot (0/5) Depths:4
  Sewer (visited)          Bailey (visited)

Altars:
Ashenzari
Cheibriados
Elyvilon
Gozag
Makhleb
Ru
Sif Muna
Trog
Wu Jian
Zin
The Shining One
Jiyva

Shops:
D:2 :=!   D:5 [:=(   D:7 [   D:13 ((((   Orc:1 (   Orc:2 [(:[   Elf:1 :
Elf:2 (*[*:=:   Shoals:1 =   Vaults:1 =   Vaults:5 [

Portals:
Hell: Depths:1 Depths:2 Depths:3 Depths:4
Abyss: Depths:1 Depths:3
Pandemonium: Depths:1
Ziggurat: Depths:1

Annotations:
D:2 exclusion: ribbon worm
Lair:1 MRVA's ghost, journeyman CoBr
Lair:3 fire
Elf:1 Roxanne
Vaults:5 Boris; Sojobo
Depths:2 3 runed translucent doors, Deaqeck's ghost, veteran DgCj
Depths:3 3 runed translucent doors, Abugem's ghost, veteran DgCj


Innate Abilities, Weirdness & Mutations

Your spellcasting is much less encumbered by armour.
You can use scrolls of enchantment on lesser artefacts.
You have a beak for a mouth.
Your body sometimes deteriorates upon taking damage.


Message History

The tengu reaver pecks you but does no damage.
You block the tengu reaver's attack.
The tengu reaver hits you but does no damage.
The tengu reaver pecks you but does no damage.
The tengu reaver claws you but does no damage.
Sojobo hits you with a +1 great sword of freezing.
* * * LOW HITPOINT WARNING * * *
Sojobo pecks you but does no damage. Sojobo closely misses you.
Unknown command.
You slash Sojobo! You burn Sojobo. Your peck misses Sojobo.
Sojobo is moderately wounded.
You slash the tengu reaver! You burn the tengu reaver.
You slash the tengu reaver! You burn the tengu reaver.
You slash the tengu reaver! You burn the tengu reaver. You hit the dread lich.
You block the dread lich's attack. You block the tengu reaver's attack.
The tengu reaver misses you. You block the tengu reaver's attack.
Unknown command.
Unknown command.
You miss Sojobo.
Sojobo is moderately wounded.
You hit the tengu reaver but do no damage.
You slash the tengu reaver! You burn the tengu reaver.
You kill the tengu reaver!
Trog accepts your kill.
Trog appreciates your killing of a magic user.
You slice the dread lich!! You slash the tengu reaver!
You burn the tengu reaver. You block Sojobo's attack. x2
Sojobo claws you but does no damage. The dread lich misses you.
An ettin comes into view. It is wielding two +0 dire flails.
You slash Sojobo! You burn Sojobo. Your peck misses Sojobo.
Sojobo is heavily wounded.
The tengu reaver blocks your attack.
You slice the dread lich!! You burn the dread lich.
You closely miss the tengu reaver. You hit the vault sentinel.
You burn the vault sentinel. You block the tengu reaver's attack.
The tengu reaver misses you. The tengu reaver claws you.
* * * LOW HITPOINT WARNING * * *
Sojobo barely misses you. You block Sojobo's attack.
Sojobo claws you but does no damage.
Unknown command.
You closely miss the dread lich. Your peck misses the dread lich.
The dread lich is almost destroyed.
You hit the tengu reaver. You burn the tengu reaver.
You closely miss the tengu reaver. You slash the vault sentinel!
You burn the vault sentinel. You miss Sojobo.
Unknown command.
Unknown command.
Unknown command.
You slice the dread lich!! You burn the dread lich.
You destroy the dread lich!
Trog accepts your kill.
Trog appreciates your killing of a magic user.
The balrug disappears in a puff of smoke!
You hit the tengu reaver but do no damage.
You barely miss the vault sentinel. You completely miss Sojobo.
You completely miss the tengu reaver.
The vault sentinel unwields a +0 arbalest.
The vault sentinel wields a +0 morningstar.
The vault sentinel hits you but does no damage.
The tengu reaver barely misses you. The tengu reaver completely misses you.
The tengu reaver claws you but does no damage.
You feel your dexterity returning.
Unknown command.
Unknown command.
You slice the vault sentinel!! You burn the vault sentinel.
You kill the vault sentinel!
Trog accepts your kill.
Trog appreciates your killing of a magic user.
You slice the tengu reaver!! You burn the tengu reaver.
You kill the tengu reaver!
Trog accepts your kill.
Trog appreciates your killing of a magic user.
The tengu reaver blocks your attack.
You barely miss Sojobo. You block Sojobo's attack.
Sojobo pecks you but does no damage. You block Sojobo's attack.
You have reached level 23!
Unknown command.
Unknown command.
You miss the tengu reaver.
You peck the tengu reaver, but do no damage.
The tengu reaver is severely wounded.
You slice the tengu reaver!! You burn the tengu reaver. You miss Sojobo.
The tengu reaver hits you but does no damage.
You block the tengu reaver's attack. x2
Unknown command.
Unknown command.
Unknown command.
You slash the tengu reaver! You burn the tengu reaver.
Your peck misses the tengu reaver.
The tengu reaver is almost dead.
You hit Sojobo but do no damage. You slash the tengu reaver!
You burn the tengu reaver.
You kill the tengu reaver!
Trog accepts your kill.
Trog appreciates your killing of a magic user.
You block the tengu reaver's attack. x3; Sojobo barely misses you.
Sojobo pecks you but does no damage. Sojobo closely misses you.
The titan waves its arms in wide circles.
The air twists around and strikes you!!
You die...

#u§#..##
#§L#
#§○#
#Q○#
#§§#
#Lp#
#.§#
#Q§#
#@$#
#pQ#
#p.#
#pD#
#OC#
#OO#
#DZ#
#.ZO


You could see Boris, Sojobo (repels missiles), 2 shadow dragons, an ironbound
preserver, a titan, a tengu reaver (repels missiles), a vault guard, a
two-headed ogre, an ogre mage (invisible), a vault sentinel, an ironbound
convoker, 2 ogres, a yaktaur captain skeleton and a tengu reaver skeleton.

Vanquished Creatures
  A dread lich (Vaults:5)
  Boris (Depths:1)
  Bai Suzhen (Vaults:4)
  2 golden dragons
  The ghost of Rikk the Acrobat, a veteran KoBr of Dithmenos (Elf:2)
  2 bone dragons (Depths:4)
  Norris (Depths:1)
  4 tentacled monstrosities
  2 liches
  2 deep elf master archers (Elf:3)
  2 deep elf blademasters (Elf:3)
  A walking frostbound tome (Depths:3)
  2 quicksilver dragons (Vaults:5)
  3 titans
  2 sphinxes
  An ancient champion (Vaults:3)
  4 shadow dragons
  4 storm dragons
  Kirke (D:15)
  9 tengu reavers
  Aizul (Spider:3)
  6 frost giants
  5 fire giants
  A draconian knight (Depths:4)
  4 deep elf sorcerers
  A draconian shifter (Depths:4)
  3 deep elf elementalists (Elf:3)
  6 ghost moths
  An emperor scorpion (Spider:4)
  Louise (Spider:2)
  A caustic shrike zombie (Depths:1)
  2 balrugs (Depths:1)
  5 vault wardens
  An angel (Shoals:4)
  2 orc warlords
  A spriggan defender (Depths:3)
  A draconian stormcaller (Depths:4)
  4 broodmothers
  8 ironbound thunderhulks
  18 ironbound preservers
  14 stone giants
  16 very ugly things
  3 formless jellyfish
  7 deep elf demonologists
  Nessos (D:15)
  A purple draconian (Depths:4)
  8 deep elf death magi
  12 spark wasps
  A green draconian (Depths:4)
  8 deep elf annihilators
  A yellow draconian (Depths:4)
  3 war gargoyles
  A red draconian (Depths:4)
  A vampire knight (Depths:4)
  16 dire elephants
  7 ettins
  3 merfolk javelineers
  13 merfolk impalers
  3 fire dragons
  9 entropy weavers
  4 deep elf high priests
  14 yaktaur captains
  6 great orbs of eyes
  A rakshasa (D:15)
  2 ogre magi
  9 vault guards
  2 merfolk avatars
  5 peacekeepers
  4 spriggan air magi
  An alligator snapping turtle (Shoals:2)
  7 ice dragons
  2 ghost crabs (Spider:4)
  A jorogumo (Lair:3)
  4 hydras
  13 centaur warriors
  11 ironbound frosthearts
  6 catoblepae
  4 two-headed ogres
  18 dancing weapons
  A two-headed ogre (shapeshifter) (Vaults:3)
  A sphinx skeleton (Depths:2)
  10 death yaks (Lair:5)
  5 merfolk aquamancers
  A satyr (Shoals:2)
  2 deep troll shamans
  5 radroaches
  7 tengu warriors
  9 boulder beetles
  6 demonic crawlers
  3 deep troll earth magi
  3 spriggan berserkers
  3 orc high priests
  2 occultists
  Sonja (Orc:1)
  18 deep elf knights
  8 skysharks
  5 skeletal warriors
  5 hell knights
  A salamander mystic (Depths:3)
  5 pharaoh ants
  Nergalle (Lair:2)
  20 deep elf archers
  9 arcanists
  3 cherubim (Shoals:4)
  3 iron trolls (Depths:2)
  22 deep trolls
  4 glowing orange brains
  8 sea snakes
  A sun moth (Spider:2)
  2 flayed ghosts (Depths:1)
  9 orb spiders
  21 lindwurms
  14 steelbarb worms
  17 ironbound convokers
  4 necromancers
  2 phantasmal warriors (Vaults:5)
  3 thermic dynamos
  12 orc knights
  24 deep elf pyromancers
  25 deep elf zephyrmancers
  7 harpies
  39 ugly things
  An obsidian bat (Orc:2)
  2 stone giant zombies
  7 orc sorcerers
  23 wolf spiders
  9 fauns
  3 salamanders (Depths:3)
  12 cyclopes
  An elephant (shapeshifter) (Depths:3)
  4 moths of wrath
  13 manticores
  A salamander (shapeshifter) (D:15)
  A faun (shapeshifter) (Vaults:3)
  5 elephants (Lair:4)
  6 meliai
  4 black mambas
  11 merfolk sirens
  A black mamba (shapeshifter) (D:14)
  18 vault sentinels
  An eye of devastation (shapeshifter) (Depths:2)
  3 torpor snails
  A water nymph (Shoals:3)
  An ice statue (Elf:1)
  2 gargoyles (D:13)
  Maggie (Lair:2)
  A human zombie (Vaults:5)
  7 cane toads
  9 rime drakes
  An unseen horror (D:13)
  4 tengu conjurers
  A spark wasp simulacrum (Depths:1)
  6 komodo dragons
  4 kobold demonologists (D:11)
  15 yaktaurs
  A golden dragon simulacrum (Depths:2)
  A merfolk (shapeshifter) (Vaults:3)
  3 polar bears
  7 trolls
  6 tyrant leeches (Spider:4)
  21 merfolk
  A polar bear (shapeshifter) (D:14)
  11 hornets
  4 wind drakes
  32 jumping spiders
  29 tarantellas
  Prince Ribbit (D:6)
  7 snapping turtles
  20 dream sheep
  5 blink frogs (Lair:4)
  An iron dragon simulacrum (Depths:2)
  A stone giant simulacrum (Depths:1)
  A glass eye (Depths:3)
  2 centaur simulacra
  4 spriggans
  A shadow (D:7)
  2 air elementals (Elf:3)
  An ettin skeleton (Depths:1)
  30 slime creatures
  12 water elementals
  23 culicivoras
  3 hogs (D:15)
  12 wyverns
  A wraith (D:13)
  4 fire elementals
  46 yaks
  11 basilisks
  2 steam dragons
  62 redbacks
  Menkaure (D:4)
  17 vampire mosquitoes
  A harpy simulacrum (D:15)
  18 water moccasins
  3 acid dragons
  2 sky beasts
  2 ice beasts
  Pargi (Sewer)
  24 orc warriors
  15 wolves
  3 laughing skulls
  A water moccasin (shapeshifter) (Depths:1)
  11 ogres
  4 centaurs
  3 phantoms
  4 kobold brigands
  13 bullfrogs
  A brain worm (Sewer)
  2 earth elementals
  7 scorpions
  3 wights (D:6)
  16 killer bees
  8 electric eels
  7 howler monkeys
  2 bombardier beetles
  A hound (D:5)
  25 orc priests
  4 iguanas
  3 sleepcaps
  35 orc wizards
  25 hell rats
  Robin (D:4)
  A gnoll (Bailey)
  7 adders
  A river rat (D:8)
  2 white imps
  2 dart slugs (D:5)
  60 orcs
  10 ball pythons
  4 endoplasms
  A giant cockroach (D:1)
  16 goblins
  18 hobgoblins
  12 jackals
  4 quokkas
  2 bats (D:3)
  6 frilled lizards
  19 kobolds
  3 rats
1689 creatures vanquished.

Vanquished Creatures (collateral kills)
  Mlioglotl (Shoals:2)
  Donald (Spider:2)
  Snorg (Lair:5)
  A merfolk javelineer (Shoals:4)
  An ettin (Vaults:5)
  A vault guard (Vaults:5)
  A catoblepas (Lair:1)
  A merfolk aquamancer (Shoals:4)
  3 skeletal warriors (D:14)
  A skyshark (Depths:1)
  A mana viper (shapeshifter) (Depths:1)
  A deep troll (Vaults:4)
  A wolf spider (Spider:2)
  2 manticores (Shoals:4)
  A tengu conjurer (Depths:1)
  A wind drake (Shoals:4)
  A glass eye (Depths:1)
  A snapping turtle (Shoals:4)
  A wolf (Lair:5)
22 creatures vanquished.

Vanquished Creatures (others)
  A vault guard (Vaults:5)
  3 deep elf zephyrmancers (Elf:1)
  An ugly thing (Vaults:5)
  2 humans (D:15)
7 creatures vanquished.

Grand Total: 1718 creatures vanquished

Notes
Turn   | Place    | Note
-------+----------+-------------------------------------------
     0 | D:1      | magipi the Mountain Dwarf Berserker began the quest for the
                  | Orb.
     0 | D:1      | Reached XP level 1. HP: 19/19 MP: 1/1
   203 | D:1      | Reached XP level 2. HP: 8/26 MP: 2/2
  1100 | D:2      | Found Moypoujoa's Jewellery Shop.
  1180 | D:2      | Found Yditay's Distillery.
  1184 | D:2      | Bought a potion of degeneration for 10 gold pieces
  1412 | D:2      | Reached skill level 1 in Axes
  1412 | D:2      | Reached XP level 3. HP: 31/31 MP: 3/3
  1592 | D:2      | Found Ifipp's Book Shop.
  1608 | D:2      | Reached ** piety under Trog
  2245 | D:3      | Noticed a scorpion
  2257 | D:3      | Killed a scorpion
  2258 | D:3      | Reached XP level 4. HP: 40/40 MP: 4/4
  2473 | D:4      | Noticed Robin
  2476 | D:4      | Noticed Menkaure
  2661 | D:4      | Killed Menkaure
  2662 | D:4      | Reached XP level 5. HP: 35/47 MP: 5/5
  2766 | D:4      | Reached XP level 6. HP: 50/53 MP: 6/6
  3589 | D:4      | Killed Robin
  3617 | D:5      | Entered Level 5 of the Dungeon
  3662 | D:5      | Reached *** piety under Trog
  3706 | D:5      | Found a glowing drain.
  3721 | D:5      | Reached XP level 7. HP: 53/60 MP: 7/7
  3754 | Sewer    | Entered a sewer
  3804 | Sewer    | Reached skill level 5 in Fighting
  3804 | Sewer    | Reached skill level 1 in Throwing
  3852 | Sewer    | Noticed Pargi
  3867 | Sewer    | Killed Pargi
  3868 | Sewer    | Reached skill level 5 in Axes
  4092 | D:5      | Reached skill level 5 in Armour
  4092 | D:5      | Reached XP level 8. HP: 56/69 MP: 8/8
  4178 | D:5      | Found Heot's Book Shoppe.
  4180 | D:5      | Found Xoyg's Antique Armour Shoppe.
  4181 | D:5      | Found Xuufuzek's Jewellery Shoppe.
  4182 | D:5      | Found Vuagoler's Weapon Shoppe.
  4226 | D:5      | Bought a +0 broad axe of venom for 88 gold pieces
  4395 | D:5      | Found a staircase to the Ecumenical Temple.
  4512 | D:5      | Found a snail-covered altar of Cheibriados.
  5385 | D:6      | Reached skill level 1 in Evocations
  5478 | D:5      | Bought a kite shield for 144 gold pieces
  5627 | D:6      | Noticed Prince Ribbit
  5638 | D:6      | Killed Prince Ribbit
  5738 | D:6      | Reached skill level 1 in Stealth
  5918 | D:6      | Reached XP level 9. HP: 54/75 MP: 9/9
  6506 | D:7      | Found a bloodstained altar of Trog.
  6604 | D:7      | Found Ecout's Antique Armour Shoppe.
  6812 | D:7      | Reached **** piety under Trog
  7305 | D:7      | Bought a runed chain mail for 142 gold pieces
  7545 | D:8      | Found a broken altar of Ashenzari.
  7672 | D:8      | Reached XP level 10. HP: 66/83 MP: 10/10
  7688 | D:8      | Reached skill level 10 in Axes
  7823 | D:8      | Found a staircase to the Lair.
  8080 | D:8      | Found an ornate altar of the Wu Jian Council.
  8175 | D:8      | You fall into a shaft and drop 2 floors!
  8175 | D:10     | Entered Level 10 of the Dungeon
  8242 | D:10     | Reached skill level 5 in Evocations
  8354 | D:9      | Found a flagged portal.
  8363 | Bailey   | Entered a bailey
  8460 | Bailey   | Identified the +6 dagger of Midwinter {vamp, Dex+6}
  8549 | Bailey   | Identified the +0 scale mail "Toinegep" {Str+3}
  8551 | Bailey   | Identified the +3 mace "Quetiys" {antimagic, rN+}
  8563 | Bailey   | Reached skill level 5 in Throwing
  9081 | D:9      | Noticed a two-headed ogre
  9090 | D:9      | Killed a two-headed ogre
  9139 | D:9      | Found an opulent altar of Gozag.
  9168 | D:9      | Noticed a boulder beetle
  9184 | D:9      | Killed a boulder beetle
  9185 | D:9      | Reached skill level 1 in Shields
  9220 | D:9      | Reached skill level 2 in Shields
  9476 | D:9      | Found a staircase to the Orcish Mines.
  9738 | D:2      | Bought an amulet of reflection for 300 gold pieces
  9902 | D:10     | Found a shimmering blue altar of Sif Muna.
  9909 | D:10     | Noticed a two-headed ogre
  9926 | D:10     | Killed a two-headed ogre
  9927 | D:10     | Reached XP level 11. HP: 89/89 MP: 11/11
  9969 | D:10     | Reached skill level 3 in Shields
  9972 | D:10     | Reached ***** piety under Trog
 11079 | D:11     | Reached skill level 4 in Shields
 11368 | D:5      | Bought the ring of the Komtur {rC+ Str+3 Int+6 SInv} for
                  | 665 gold pieces
 11773 | D:11     | Noticed a sixfirhy
 12000 | D:11     | Found a glowing silver altar of Zin.
 12165 | D:11     | Noticed a boulder beetle
 12180 | D:11     | Killed a boulder beetle
 12181 | D:11     | Reached skill level 5 in Shields
 12514 | D:12     | Noticed a green ugly thing
 12520 | D:11     | Killed a green ugly thing
 12815 | D:12     | Reached XP level 12. HP: 96/96 MP: 12/12
 12923 | D:12     | Noticed a two-headed ogre
 12930 | D:12     | Killed a two-headed ogre
 13324 | Lair:1   | Entered Level 1 of the Lair of Beasts
 13324 | Lair:1   | Noticed MRVA's ghost (journeyman CoBr)
 13324 | Lair:1   | Found a runed translucent gate.
 13324 | Lair:1   | Found a runed translucent gate.
 13324 | Lair:1   | Found a runed translucent gate.
 13342 | Lair:1   | Reached skill level 6 in Shields
 13479 | Lair:1   | Noticed a catoblepas
 13516 | Lair:1   | Killed a catoblepas
 13637 | Lair:1   | Found the amulet of Elemental Vulnerability {rPois rF--
                  | rC-- AC+8}
 13706 | Lair:1   | You fall into a shaft and drop 1 floor!
 13706 | Lair:2   | Noticed Maggie
 13716 | Lair:2   | Killed Maggie
 13932 | Lair:2   | Identified the +10 long sword of the Open Hand {drain,
                  | rElec rN+}
 14097 | Lair:1   | Noticed a catoblepas
 14116 | Lair:1   | Killed a catoblepas
 14201 | Lair:1   | Reached skill level 15 in Axes
 14572 | Lair:2   | Noticed Nergalle
 14582 | Lair:2   | Killed Nergalle
 14897 | Lair:2   | Reached skill level 7 in Shields
 15158 | Lair:2   | Found a staircase to the Shoals.
 15628 | Lair:3   | Noticed a catoblepas
 15658 | Lair:3   | Killed a catoblepas
 15989 | Lair:3   | Reached XP level 13. HP: 101/106 MP: 13/13
 16166 | Lair:3   | Found a hole to the Spider Nest.
 16904 | Lair:4   | Received a gift from Trog
 16944 | Lair:4   | Reached skill level 8 in Shields
 17209 | Lair:4   | Reached skill level 10 in Evocations
 17368 | Lair:4   | Found a viscous altar of Jiyva.
 17368 | Lair:4   | Found a staircase to the Slime Pits.
 17699 | Lair:5   | Entered Level 5 of the Lair of Beasts
 17701 | Lair:5   | Noticed Snorg
 17712 | Lair:5   | Killed Snorg
 18498 | Lair:5   | Received a gift from Trog
 18611 | Lair:5   | Reached XP level 14. HP: 118/118 MP: 14/14
 18721 | Lair:5   | Reached skill level 9 in Shields
 19502 | Orc:1    | Entered Level 1 of the Orcish Mines
 19617 | Orc:2    | Entered Level 2 of the Orcish Mines
 19639 | Orc:1    | Noticed Sonja
 19712 | Orc:1    | Killed Sonja
 19851 | Orc:1    | Found Zykhlet's Weapon Shop.
 19966 | Orc:2    | Found a staircase to the Elven Halls.
 20338 | Orc:2    | Received a gift from Trog
 20401 | Orc:2    | Paralysed by an orc sorcerer for 4 turns
 20610 | Orc:1    | Reached skill level 10 in Fighting
 20715 | Orc:2    | Found Opial's Antique Armour Shoppe.
 20715 | Orc:2    | Found Sor Xes's Armour Emporium.
 20715 | Orc:2    | Found Iplapt's Antique Weapon Shoppe.
 20718 | Orc:2    | Found Ytallim's Book Emporium.
 21230 | D:13     | Found Kauxad's Antique Weapon Emporium.
 21390 | D:13     | Found Ove Poany's Antique Weapon Boutique.
 21392 | D:13     | Found Wirhie Edal's Weapon Shop.
 21398 | D:13     | Bought a runed broad axe for 231 gold pieces
 21477 | D:13     | Reached skill level 10 in Shields
 21719 | D:13     | Found Yrghaoffu's Weapon Emporium.
 21829 | D:13     | Identified the +6 dagger "Dragonslayer" {spect, rElec rN+
                  | Str+8 Dex-3}
 22236 | D:13     | Found a gate to the Vaults.
 22433 | D:14     | Reached skill level 10 in Throwing
 22810 | D:14     | Reached skill level 11 in Shields
 23596 | D:15     | Entered Level 15 of the Dungeon
 23613 | D:15     | Noticed Kirke
 23632 | D:15     | Killed Kirke
 23633 | D:15     | Reached XP level 15. HP: 121/124 MP: 15/15
 24005 | Orc:2    | Bought a steaming plate armour for 980 gold pieces
 24005 | Orc:2    | Identified the +14 plate armour of Fortitude {rF+++ rC+
                  | Will- Int+5} (You bought it in a shop on level 2 of the
                  | Orcish Mines)
 24436 | D:15     | Reached skill level 12 in Shields
 24616 | D:15     | Noticed Nessos
 24785 | D:15     | Killed Nessos
 24885 | D:15     | Found a staircase to the Depths.
 25752 | D:2      | Bought 2 potions of berserk rage for 100 gold pieces
 25752 | D:2      | Bought a potion of haste for 100 gold pieces
 25752 | D:2      | Bought 2 potions of might for 80 gold pieces
 25752 | D:2      | Bought a potion of cancellation for 80 gold pieces
 25953 | Shoals:1 | Entered Level 1 of the Shoals
 26223 | Shoals:1 | Received a gift from Trog
 26224 | Shoals:1 | Reached skill level 10 in Armour
 26397 | Shoals:1 | Found Luudegg's Jewellery Emporium.
 26585 | Shoals:1 | Identified the +0 quarterstaff of the End {flame, rN+}
 27376 | Shoals:2 | Noticed Mlioglotl
 27671 | Shoals:3 | Reached XP level 16. HP: 138/138 MP: 16/16
 28624 | D:5      | Bought a ring of protection from fire for 275 gold pieces
 28812 | Spider:1 | Entered Level 1 of the Spider Nest
 28996 | Spider:1 | Received a gift from Trog
 30112 | Spider:1 | Reached ****** piety under Trog
 30552 | Spider:2 | Received a gift from Trog
 30606 | Spider:2 | Noticed Donald
 30626 | Spider:2 | Noticed Louise
 30656 | Spider:2 | Killed Louise
 30923 | Spider:2 | Reached XP level 17. HP: 135/152 MP: 17/17
 31095 | Spider:2 | Killed Donald
 32111 | Spider:3 | Upgraded the game from 0.32-a0-909-gc671339a80 to
                  | 0.32-a0-913-g739538afd8
 32191 | Spider:3 | Received a gift from Trog
 32662 | Spider:3 | Identified the serpent talisman of Vyn Xacu {rF+ rCorr
                  | Stlth+}
 32662 | Spider:3 | Noticed Aizul
 32673 | Spider:3 | Killed Aizul
 33239 | Spider:4 | Entered Level 4 of the Spider Nest
 33265 | Spider:4 | Gained mutation: Your body sometimes deteriorates upon
                  | taking damage. [mutagenic glow]
 35271 | Spider:4 | Got a gossamer rune of Zot
 35454 | Lair:3   | Received a gift from Trog
 35570 | Shoals:2 | Killed Mlioglotl
 35800 | Shoals:4 | Entered Level 4 of the Shoals
 35894 | Shoals:4 | Reached skill level 15 in Throwing
 36516 | Shoals:4 | Reached XP level 18. HP: 140/160 MP: 18/18
 36624 | Shoals:4 | Found a glowing golden altar of the Shining One.
 36790 | Shoals:4 | Identified the +8 dagger "Dragonbane" {freeze, +Blink rPois
                  | Str-4 SInv}
 36972 | Shoals:4 | Identified the +6 whip of the Lettuce {venom, +Blink rPois}
 37092 | Shoals:4 | Identified the amulet of Heucar {Faith Dex+2}
 37259 | Shoals:4 | Found a glowing silver altar of Zin.
 37305 | Shoals:4 | Received a gift from Trog
 37752 | Shoals:4 | Found a white marble altar of Elyvilon.
 38081 | Shoals:4 | Got a barnacled rune of Zot
 38469 | Vaults:1 | Entered Level 1 of the Vaults
 38478 | Vaults:1 | Reached skill level 5 in Dodging
 39043 | Vaults:1 | Received a gift from Trog
 39258 | Vaults:1 | Found Aza Qen's Jewellery Boutique.
 42427 | Vaults:2 | Reached XP level 19. HP: 114/167 MP: 19/19
 42823 | Vaults:2 | Paralysed by a formless jellyfish for 1 turns
 43036 | Vaults:2 | Reached skill level 10 in Dodging
 43054 | Vaults:2 | Received a gift from Trog
 43740 | Vaults:2 | You fall into a shaft and drop 2 floors!
 43758 | Vaults:4 | Reached skill level 15 in Fighting
 43987 | Vaults:4 | Found a flickering gateway to a bazaar.
 43990 | Bazaar   | Entered a bazaar
 43992 | Bazaar   | Found Xeyreost's General Store.
 44116 | Bazaar   | Found Tuwnunk's Armour Boutique.
 44116 | Bazaar   | Found Wioxko's General Store.
 44117 | Bazaar   | Found Joefuc's Book Boutique.
 44154 | Bazaar   | Bought a +0 helmet of see invisible for 149 gold pieces
 44165 | Vaults:4 | Noticed Bai Suzhen
 44198 | Vaults:4 | Identified the +4 chain mail "Yzxopocazu" {rN+ rCorr
                  | Slay-4}
 44985 | Vaults:4 | Killed Bai Suzhen
 45355 | Vaults:4 | Received a gift from Trog
 46242 | Vaults:3 | Found a staircase to the Crypt.
 46565 | Vaults:3 | Identified the +8 plate armour of Baldness {*Slow rElec
                  | Will++ Str+3}
 46662 | Vaults:3 | Reached XP level 20. HP: 180/180 MP: 20/20
 47887 | Vaults:3 | Paralysed by a formless jellyfish for 1 turns
 48717 | Vaults:3 | Reached skill level 15 in Armour
 49032 | Vaults:3 | Upgraded the game from 0.32-a0-913-g739538afd8 to
                  | 0.32-a0-918-g0f22ef8d61
 49337 | Elf:1    | Entered Level 1 of the Elven Halls
 49338 | Elf:1    | Found a shimmering blue altar of Sif Muna.
 49399 | Elf:1    | Received a gift from Trog
 50219 | Elf:1    | Found Omeali's Book Shoppe.
 50295 | Elf:1    | Identified the +5 flail of Ragnarok {heavy, +Blink rF+ rC-
                  | rN++} (Trog gifted it to you on level 1 of the Elven Halls)
 50295 | Elf:1    | Received a gift from Trog
 50412 | Elf:1    | Noticed Roxanne
 50482 | Elf:2    | Reached skill level 15 in Evocations
 50508 | Elf:2    | Found Ajimmai's General Store.
 50604 | Elf:2    | Bought a scroll of teleportation for 33 gold pieces
 50614 | Elf:2    | Found Giemmah's Book Boutique.
 50614 | Elf:2    | Found Diaddoar's Jewellery Emporium.
 50615 | Elf:2    | Found Fyte's Book Boutique.
 50660 | Elf:2    | Found Lezadofa's General Store.
 50717 | Elf:2    | Found a transporter.
 50718 | Elf:2    | Found a transporter.
 50718 | Elf:2    | Noticed Rikk's ghost (veteran KoBr)
 50719 | Elf:2    | Identified a scroll of acquirement
 50761 | Elf:2    | Found Loighe Ilec's Antique Weapon Boutique.
 51002 | Elf:2    | Found Fooruisch's Armour Shop.
 51103 | Elf:3    | Entered Level 3 of the Elven Halls
 51372 | Elf:3    | Received a gift from Trog
 51900 | Elf:3    | Reached XP level 21. HP: 177/179 MP: 21/21
 51914 | Elf:3    | Upgraded the game from 0.32-a0-918-g0f22ef8d61 to
                  | 0.32-a0-921-g04a7ad8e02
 51923 | Elf:3    | Identified the ring of Linearity {*Slow +Blink Fly rN+
                  | Int+5}
 51939 | Elf:3    | Identified the +7 demon whip of Qecibydo {antimagic,
                  | *Corrode rC++ Dex+4} (Trog gifted it to you on level 3 of
                  | the Elven Halls)
 51939 | Elf:3    | Received a gift from Trog
 52065 | Elf:3    | Paralysed by an air elemental for 1 turns
 52082 | Elf:3    | Gained mutation: You have a beak for a mouth. [a neqoxec]
 52171 | Elf:3    | Identified the +2 trident "Rithrac" {flame, rC+ rN+ Str+2
                  | Stlth-}
 52178 | Elf:3    | Identified the +4 spear of Kuwuusah {venom, rC+ Dex+5}
 52180 | Elf:3    | Found the ring of Shadows {Umbra +Inv Stlth+}
 52197 | Elf:3    | Found the +9 staff of Olgreb {rPois∞}
 52217 | Elf:3    | Identified the staff of the Hammering Hero {rElec Will+
                  | Str-5 Dex+2 Air}
 52220 | Elf:3    | Identified the ring "Faic" {rC+ Str+2}
 52223 | Elf:3    | Identified the amulet "Kaodd" {Faith Dex+5 Slay-5}
 52230 | Elf:3    | Identified the +1 robe of Patalacw {rPois rCorr Str+4}
 52306 | Elf:3    | Identified the +3 sling of Noxious Valour {elec, Str+2
                  | Dex+4}
 53272 | Vaults:1 | Upgraded the game from 0.32-a0-921-g04a7ad8e02 to
                  | 0.32-a0-928-g1cae6b7ea0
 53442 | Depths:1 | Entered Level 1 of the Depths
 53562 | Depths:1 | Identified the +4 robe of Buklueh {Str+3 Slay+2}
 53562 | Depths:1 | Noticed Boris
 53580 | Depths:1 | Killed Boris
 53588 | Depths:1 | Found a one-way gate to the infinite horrors of the Abyss.
 54160 | Depths:1 | Reached skill level 13 in Shields
 54290 | Depths:1 | Found a one-way gate leading to the halls of Pandemonium.
 54472 | Depths:1 | Noticed a golden dragon
 54483 | Depths:1 | Noticed Norris
 54535 | Depths:1 | Killed Norris
 54585 | Depths:1 | Received a gift from Trog
 54917 | Depths:1 | Found a one-way gateway to a ziggurat.
 55001 | Depths:1 | Killed a golden dragon
 55039 | Depths:1 | Identified the +9 hand axe of Springtime {drain, rF+ Dex+4}
 55153 | Depths:1 | Found a sacrificial altar of Ru.
 55414 | Depths:1 | Found a gateway to Hell.
 56413 | Depths:2 | Received a gift from Trog
 56651 | Depths:2 | Reached skill level 14 in Shields
 56867 | Depths:2 | Reached XP level 22. HP: 159/199 MP: 22/22
 57012 | Depths:2 | Found the +8 storm bow {elec, penet}
 58042 | Depths:2 | Found a runed translucent gate.
 58042 | Depths:2 | Found a runed translucent gate.
 58043 | Depths:2 | Found a runed translucent gate.
 58045 | Depths:2 | Noticed Deaqeck's ghost (veteran DgCj)
 58124 | Depths:3 | Noticed Abugem's ghost (veteran DgCj)
 58125 | Depths:3 | Found a runed translucent gate.
 58125 | Depths:3 | Found a runed translucent gate.
 58127 | Depths:3 | Found a runed translucent gate.
 58358 | Depths:3 | Upgraded the game from 0.32-a0-928-g1cae6b7ea0 to
                  | 0.32-a0-931-g5a2cda0630
 58448 | Depths:3 | Identified the +8 whip of Zitug {drain, rN+ Dex-4 SInv
                  | Stlth+}
 58759 | Depths:3 | Found a burning altar of Makhleb.
 58917 | Depths:3 | Identified the ring of the Madman {rC++ Will- AC+4 Int-3
                  | Dex+3}
 59082 | Depths:3 | Identified the +8 morningstar "Wojeg" {drain, Int+4}
 59374 | Depths:4 | Entered Level 4 of the Depths
 59564 | Depths:4 | Received a gift from Trog
 59833 | Depths:4 | Reached skill level 15 in Shields
 61578 | Depths:4 | Noticed a golden dragon
 61598 | Depths:4 | Killed a golden dragon
 61684 | Depths:4 | Found a gate to the Realm of Zot.
 62315 | Elf:2    | Received a gift from Trog
 62316 | Elf:2    | Reached skill level 16 in Shields
 62336 | Elf:2    | Killed Rikk's ghost
 62337 | Elf:2    | Reached skill level 15 in Dodging
 62369 | Elf:2    | Acquired a manual of Shields
 62643 | Vaults:5 | Entered Level 5 of the Vaults
 62678 | Vaults:5 | Found Gusownuu's Antique Armour Boutique.
 62785 | Vaults:5 | Reached skill level 17 in Shields
 62849 | Vaults:5 | Reached skill level 18 in Shields
 62891 | Vaults:5 | Identified the +3 plate armour "Doteimn" {rF+}
 62930 | Vaults:5 | Identified the +3 robe of Qazlal, Jumping {Int+4}
 62930 | Vaults:5 | Noticed Boris
 63023 | Vaults:5 | Reached skill level 19 in Shields
 63076 | Vaults:5 | Noticed a dread lich
 63099 | Vaults:5 | Noticed Sojobo
 63099 | Vaults:5 | Identified the ring "Xonuschoa" {Fire Will++ SInv}
 63111 | Vaults:5 | Killed a dread lich
 63113 | Vaults:5 | Reached XP level 23. HP: 23/204 MP: 23/23
 63114 | Vaults:5 | Killed from afar by a titan

Illustrated notes

Levels and vault maps discovered:
D:1:      sevenhm_arrival_forest_fort_small_4, layout_basic
D:2:      layout_loops_cross, serial_shops, nicolae_shop_just_a_little_nook,
          shop, shop
D:3:      layout_loops_ring
D:4:      layout_loops_cross, minivault_5, fountainhead,
          chequers_serial_rivers_room_b, uniq_robin, uniq_menkaure
D:5:      nicolae_cairo_tiling_very_big, layout_cave_pools,
          kennysheep_slug_shrine, minmay_temple_entry_drinking_statues,
          mainiacjoe_sewer_entry_somewhere_in_here_2, minmay_shop_grid_forest
D:6:      layout_basic, serial_bayou_crossing, uniq_prince_ribbit1
D:7:      layout_basic, bloody_trog, serial_shops, shop
D:8:      layout_loops_ring, nzn_wu_jian_contemplation,
          nicolae_ashenzari_panopticon, dpeg_lair_monsters
D:9:      layout_big_octagon, mainiacjoe_overflow_alcove_2, orc_0_dummy,
          enter_bailey_6
D:10:     layout_grid_maze, mainiacjoe_overflow_tiny_flanked
D:11:     layout_roguey, chequers_big_river, zin_scriptorium
D:12:     layout_cave_pools, lemuel_flame_loot_1
D:13:     layout_basic, david_vaults_5, serial_curves, eino_curves_02,
          eino_curves_01, serial_shops, shop, nicolae_shop_bloodbath_and_beyond,
          shop, shop
D:14:     layout_roguey
D:15:     gammafunk_enter_depths_forms, layout_loops_cross,
          serial_bayou_lagoon_a, uniq_kirke, uniq_nessos
Lair:1:   layout_chaotic_city, gammafunk_ghost_necromancy,
          pdpol_lair_neglected_garden, st_stairs_12, beast_lair_carwin_3
Lair:2:   layout_layer_cave, minmay_shoals_entry_lonely_mermaid,
          hibernation_bobbens, uniq_nergalle, uniq_maggie
Lair:3:   gammafunk_indiana_jones, layout_loops_ring,
          nicolae_spider_entry_lesser_pyramids, minmay_lindwurm_lava
Lair:4:   layout_misc_corridors, slime_entry_1, special_room
          [special_room_mythical_zoo], dreamdust_mushroom_princess
Lair:5:   evilmike_catoblepas_cave, layout_misc_corridors, uniq_snorg
Shoals:1: layout_shoals, minmay_shop_enchanted_jewellery
Shoals:2: layout_shoals, uniq_mlioglotl
Shoals:3: layout_shoals, argonaut_gorgonesque
Shoals:4: shoals_end_hellmonk_holy_island
Spider:1: layout_spider_delve, nicolae_spider_eight_legs
Spider:2: nicolae_spider_hilbert_zone_5 [nicolae_spider_hilbert_3_sides_1_open,
          nicolae_spider_hilbert_4_sides_1_open,
          nicolae_spider_hilbert_4_sides_1_open,
          nicolae_spider_hilbert_6_sides_1_open,
          nicolae_spider_hilbert_6_sides_1_open], nicolae_spider_webs_and_nodes,
          hellmonk_spider_spawner, uniq_donald, uniq_louise
Spider:3: layout_spider_delve, uniq_aizul
Spider:4: spider_rune_water, nicolae_spider_swamp_cousins
Orc:1:    layout_caves, serial_shops, shop, uniq_sonja
Orc:2:    st_orc_mages, layout_caves
Elf:1:    layout_loops_cross, serial_shops, nicolae_book_shop_shelving,
          mu_enter_wizlab_3, portal_ice_cave_entry_ice_statue_one,
          hangedman_elven_crosses_minicolossus, lemuel_upstairs_altar,
          uniq_roxanne
Elf:2:    nicolae_elf_blades_splatter_lattice
          [nicolae_blade_entry_crossed_weapons], layout_gridlike, serial_shops,
          shop, shop, shop_statue, shop, gammafunk_ghost_arena,
          minmay_shop_grove
Elf:3:    elf_hall, layout_loops_ring
Vaults:1: nicolae_vaults_wine_cellar, nicolae_vaults_oval_intersection,
          nicolae_vaults_variable_pillar_hall, vaults_mumra_minichess_inversion,
          vaults_room_pools, vaults_room_corners, nicolae_vaults_alarming,
          layout_vaults_big_room, serial_shops, nicolae_shop_tiny_statue_garden
Vaults:2: nicolae_vaults_storage_closets_3, vaults_dpeg_ring,
          nicolae_vaults_more_shelving_1, v_alt_pattern_5, v_misc_33,
          nicolae_vaults_doubleplus_tesselated, lightli_orcish_oven,
          st_octagons_1, vaults_dpeg_encased_lava, vaults_room_large_hall,
          vaults_dpeg_emergency_exit, nicolae_vaults_specimen_jars,
          vaults_dpeg_cross, nicolae_vaults_storage_room_statues,
          layout_vaults_big_cross
Vaults:3: nicolae_vaults_loss_of_containment, ontoclasm_vaults_decontamination,
          v_misc_2, minmay_crypt_entry_simple_plaza,
          nicolae_vaults_twisting_passages, nicolae_vaults_big_ls,
          vaults_mumra_minichess, ontoclasm_vaults_bender, v_rooms_1, v_misc_15,
          nicolae_vaults_circle_grid_a, ontoclasm_vaults_gateway,
          layout_vaults_maze_bifur
Vaults:4: hangedman_vaults_nails, nicolae_vaults_tangram_1, st_eye,
          nicolae_vaults_shrinking_rooms_2, ontoclasm_vaults_chip, v_misc_10,
          hangedman_vaults_stream, hangedman_vaults_nails,
          nicolae_vaults_tetromino_L_1, nicolae_vaults_theta,
          layout_vaults_ring, serial_shops, bzr_entry_lakeside, uniq_margery,
          uniq_bai_suzhen
Vaults:5: uniq_sojobo
Depths:1: layout_cave_shapes, enter_ziggurat_f, pf_dread_powers_of_hell,
          serial_column_ruins, column_ruins_courtyard_long,
          column_ruins_columns_dead_end, column_ruins_corridor_straight,
          column_ruins_columns_straight, column_ruins_corridor_corner,
          column_ruins_columns_dead_end, regret_index_abyss_entry_already_here,
          lemuel_coloured_pillars_altar, pan_entry, hangedman_decor_slide_cut,
          minmay_mirror_moons_of_madness, uniq_norris, uniq_boris
Depths:2: minmay_shoctagon, layout_basic, pf_hell_entry_tar_spiral,
          grunt_decor_resistance, rand_demon_pan_entry_1,
          gammafunk_ghost_tricky_traps
Depths:3: minmay_the_grid_triangle_9x9_rhombus_full
          [minmay_the_grid_triangle_9x9_shrine,
          minmay_the_grid_triangle_9x9_limited_checkers,
          minmay_the_grid_triangle_9x9_sparse_checkered,
          minmay_the_grid_triangle_9x9_intruding_spiral,
          minmay_the_grid_triangle_9x9_odd_lines,
          minmay_the_grid_triangle_9x9_impossible_snake,
          minmay_the_grid_triangle_9x9_swiss_cheese,
          minmay_the_grid_triangle_9x9_prize_center], layout_small_grid,
          nicolae_lava_and_water, abyss_entry, biasface_ghost_demon_polymorph,
          hell_entry
Depths:4: grunt_zot_entry_bicorn, layout_cave_pools,
          serial_sigils_hangedman_gnaw, hell_entry

Skill      XL: |  1  2  3  4  5  6  7  8  9 10 11 12 13 14 15 16 17 18 19 20 21 22 |
---------------+-------------------------------------------------------------------+-----
Maces & Flails | 4 |  4.1
Axes           | 1 2 3 4 5 7 9 12 14 15 17 | 17.8
Fighting       | 4 5 6 7 9 10 11 14 16 17 | 17.0
Armour         | 3 4 5 12 13 15 16 17 | 17.0
Dodging        | 2 3 9 11 13 14 15 | 15.0
Throwing       | 2 3 4 5 6 7 8 10 12 15 16 | 16.0
Evocations     | 2 4 6 8 9 10 12 14 16 | 16.0
Stealth        | 1 3 4 |  4.0
Shields        | 2 5 7 8 11 12 14 19 | 19.8

Action                     |  1- 3 |  4- 6 |  7- 9 | 10-12 | 13-15 | 16-18 | 19-21 | 22-24 || total
---------------------------+-------+-------+-------+-------+-------+-------+-------+-------++-------
  Melee: Mace              |    51 |     4 |       |       |       |       |       |       ||    55
         Hand axe          |    87 |   114 |    72 |       |       |       |       |       ||   273
         Broad axe         |       |       |   229 |   540 |  1263 |  1537 |  1620 |   578 ||  5767
         Flail             |       |       |       |       |    10 |       |       |       ||    10
         Peck              |       |       |       |       |       |       |   148 |   192 ||   340
  Throw: Boomerang         |       |       |     5 |    46 |    75 |   252 |   225 |    87 ||   690
         Dart              |       |       |       |     2 |       |       |       |       ||     2
         Javelin           |       |       |       |       |       |     2 |    22 |    13 ||    37
 Invoke: Berserk           |     2 |     3 |     8 |     7 |    10 |     8 |    12 |     2 ||    52
         Trog's Hand       |       |       |     1 |       |     9 |     6 |    12 |     6 ||    34
         Brothers in Arms  |       |       |       |     1 |     4 |     5 |     3 |       ||    13
  Evoke: Wand              |       |       |       |     7 |     3 |    10 |     4 |     7 ||    31
         Tin of tremorston |       |       |       |       |     4 |     6 |     7 |     2 ||    19
         Gell's gravitambo |       |       |       |       |     1 |     5 |     5 |     4 ||    15
         Lightning rod     |       |       |       |       |       |     2 |       |     4 ||     6
         Box of beasts     |       |       |       |       |       |     1 |     1 |     1 ||     3
    Use: Scroll            |       |     5 |     4 |    16 |    11 |     9 |    13 |    15 ||    73
         Potion            |       |       |     3 |     1 |     2 |     7 |     5 |    17 ||    35
   Stab: Petrified         |       |       |       |       |     3 |       |       |       ||     3
         Distracted        |       |       |       |       |     1 |     2 |     2 |       ||     5
         Invisible         |       |       |       |       |       |       |       |     5 ||     5
 Armour: Animal skin       |    74 |       |       |       |       |       |       |       ||    74
         Ring mail         |    33 |    77 |    24 |       |       |       |       |       ||   134
         Troll leather arm |       |       |    43 |       |       |       |       |       ||    43
         Chain mail        |       |       |   153 |   277 |   361 |   902 |   201 |       ||  1894
         Skin              |       |       |       |     1 |       |       |       |       ||     1
         Plate armour      |       |       |       |       |   256 |    60 |       |       ||   316
         Storm dragon scal |       |       |       |       |       |       |   581 |   352 ||   933
  Dodge: Dodged            |   100 |    51 |   177 |   194 |   318 |   515 |   504 |   208 ||  2067
  Block: Kite shield       |       |       |    75 |   307 |   824 |  1400 |  1142 |   497 ||  4245
         Reflection        |       |       |       |     4 |    44 |    51 |    99 |    20 ||   218

Table legend: (Time is in decaauts)
 A = Elapsed time spent in this place.
 B = Non-inter-level travel time spent in this place.
 C = Inter-level travel time spent in this place.
 D = Time resting spent in this place.
 E = Time spent auto-exploring this place.
 F = Levels seen in this place.
 G = Mean time per level.
                   A        B        C        D        E       F      G
               +--------+--------+--------+--------+--------+-----+--------+
         Total |  62891 |  56077 |   6814 |  16388 |  19347 |  45 | 1397.6 |
       Dungeon |  20191 |  16255 |   3936 |   3469 |   8120 |  15 | 1346.1 |
          Lair |   7130 |   6347 |    783 |   1481 |   2797 |   5 | 1426.0 |
        Shoals |   5083 |   4868 |    215 |   2232 |     37 |   4 | 1270.8 |
   Spider Nest |   6411 |   6057 |    354 |   2121 |   1414 |   4 | 1602.8 |
  Orcish Mines |   1932 |   1665 |    267 |    389 |    599 |   2 |  966.0 |
   Elven Halls |   3382 |   3044 |    338 |    118 |   1215 |   3 | 1127.3 |
        Vaults |  10550 |   9929 |    621 |   4038 |   3052 |   5 | 2110.0 |
        Depths |   7446 |   7149 |    297 |   2530 |   1885 |   4 | 1861.5 |
        Bazaar |    174 |    174 |      0 |      0 |    132 |   1 |  174.0 |
         Sewer |    243 |    243 |      0 |      7 |     32 |   1 |  243.0 |
        Bailey |    344 |    344 |      0 |      0 |     60 |   1 |  344.0 |
               +--------+--------+--------+--------+--------+-----+--------+

Top non-repeatable levels by time:
Vaults:1: 2976 daAuts
Vaults:2: 2727 daAuts
Depths:1: 2433 daAuts
Vaults:4: 2324 daAuts
Vaults:3: 2160 daAuts
    D:13: 2154 daAuts
Spider:4: 2150 daAuts
Depths:4: 2047 daAuts
     D:6: 2003 daAuts
Shoals:3: 1805 daAuts
  Lair:2: 1762 daAuts
    D:15: 1751 daAuts
  Lair:5: 1695 daAuts
Spider:3: 1661 daAuts
Depths:3: 1597 daAuts

Action                     |  1- 3 |  4- 6 |  7- 9 | 10-12 | 13-15 | 16-18 | 19-21 | 22-24 || total
---------------------------+-------+-------+-------+-------+-------+-------+-------+-------++-------
  Melee: Mace              |    51 |     4 |       |       |       |       |       |       ||    55
         Hand axe          |    87 |   114 |    72 |       |       |       |       |       ||   273
         Broad axe         |       |       |   229 |   540 |  1263 |  1537 |  1620 |   578 ||  5767
         Flail             |       |       |       |       |    10 |       |       |       ||    10
         Peck              |       |       |       |       |       |       |   148 |   192 ||   340
  Throw: Boomerang         |       |       |     5 |    46 |    75 |   252 |   225 |    87 ||   690
         Dart              |       |       |       |     2 |       |       |       |       ||     2
         Javelin           |       |       |       |       |       |     2 |    22 |    13 ||    37
 Invoke: Berserk           |     2 |     3 |     8 |     7 |    10 |     8 |    12 |     2 ||    52
         Trog's Hand       |       |       |     1 |       |     9 |     6 |    12 |     6 ||    34
         Brothers in Arms  |       |       |       |     1 |     4 |     5 |     3 |       ||    13
  Evoke: Wand              |       |       |       |     7 |     3 |    10 |     4 |     7 ||    31
         Tin of tremorston |       |       |       |       |     4 |     6 |     7 |     2 ||    19
         Gell's gravitambo |       |       |       |       |     1 |     5 |     5 |     4 ||    15
         Lightning rod     |       |       |       |       |       |     2 |       |     4 ||     6
         Box of beasts     |       |       |       |       |       |     1 |     1 |     1 ||     3
    Use: Scroll            |       |     5 |     4 |    16 |    11 |     9 |    13 |    15 ||    73
         Potion            |       |       |     3 |     1 |     2 |     7 |     5 |    17 ||    35
   Stab: Petrified         |       |       |       |       |     3 |       |       |       ||     3
         Distracted        |       |       |       |       |     1 |     2 |     2 |       ||     5
         Invisible         |       |       |       |       |       |       |       |     5 ||     5
 Armour: Animal skin       |    74 |       |       |       |       |       |       |       ||    74
         Ring mail         |    33 |    77 |    24 |       |       |       |       |       ||   134
         Troll leather arm |       |       |    43 |       |       |       |       |       ||    43
         Chain mail        |       |       |   153 |   277 |   361 |   902 |   201 |       ||  1894
         Skin              |       |       |       |     1 |       |       |       |       ||     1
         Plate armour      |       |       |       |       |   256 |    60 |       |       ||   316
         Storm dragon scal |       |       |       |       |       |       |   581 |   352 ||   933
  Dodge: Dodged            |   100 |    51 |   177 |   194 |   318 |   515 |   504 |   208 ||  2067
  Block: Kite shield       |       |       |    75 |   307 |   824 |  1400 |  1142 |   497 ||  4245
         Reflection        |       |       |       |     4 |    44 |    51 |    99 |    20 ||   218
